 Dungeon Crawl Stone Soup version 0.30-a0-760-g5a9884bb7c (webtiles) character file.

Game seed: 6132375203968695127

1416 KennySheep the Conjurer (level 8, -11/67 HPs)
             Began as an Ogre Conjurer on Feb 10, 2023.
             Was a Follower of Sif Muna.
             Mangled by Duvessa
             ... wielding a +0 rapier
              (17 damage)
             ... on level 7 of the Dungeon.
             The game lasted 00:14:15 (7156 turns).

KennySheep the Conjurer (Ogre Conjurer)             Turns: 7156, Time: 00:14:16

Health: -11/67     AC:  3    Str: 12    XL:     8   Next: 71%
Magic:  12/16      EV:  9    Int: 21    God:    Sif Muna [*.....]
Gold:   302        SH:  0    Dex:  7    Spells: 11/18 levels left

rFire   . . .      SeeInvis .    a - +2 dagger (venom)
rCold   . . .      Faith    .    (no shield)
rNeg    . . .      Spirit   .    l - +0 robe
rPois   .          Reflect  .    (helmet restricted)
rElec   .          Harm     .    (no cloak)
rCorr   .          Rampage  .    (gloves unavailable)
Will    .....                    (boots unavailable)
Stlth   +                        (no amulet)
HPRegen 0.31/turn                (no ring)
MPRegen 0.15/turn                (no ring)

@: very slightly contaminated
A: large, unfitting armour, tough skin 1
a: Renounce Religion, Channel Magic


You were on level 7 of the Dungeon.
You worshipped Sif Muna.
Sif Muna was aware of your devotion.
You visited 1 branch of the dungeon, and saw 7 of its levels.

You collected 302 gold pieces.

Inventory:

Hand Weapons
 a - a +2 dagger of venom (weapon)
 i - a +3 dagger
Missiles
 j - 2 throwing nets
Armour
 l - a +0 robe (worn)
Jewellery
 f - a +6 ring of intelligence
 m - an amulet of guardian spirit
 z - a +6 ring of dexterity
Wands
 A - a wand of mindburst (15)
 C - a wand of flame (21)
Scrolls
 d - a scroll of brand weapon {unknown}
 e - a scroll of noise {unknown}
 o - 3 scrolls of teleportation
 p - a scroll of amnesia
 q - a scroll of poison
 t - 2 scrolls of fog
 u - a scroll of blinking {unknown}
 v - a scroll of immolation
 x - a scroll of enchant weapon
 y - a scroll of silence
 D - a scroll of fear
 E - a scroll of torment
Potions
 c - 4 potions of lignification
 g - a potion of curing
 h - 4 potions of might
 k - a potion of heal wounds
 n - a potion of experience {unknown}
 r - a potion of mutation {unknown}
 s - a potion of haste
 w - a potion of berserk rage {unknown}


   Skills:
 - Level 1.7 Dodging
 - Level 1.4 Stealth
 + Level 5.5 Spellcasting
 * Level 7.1 Conjurations
 * Level 5.9 Translocations


You had 11 spell levels left.
You knew the following spells:

 Your Spells              Type           Power      Damage    Failure   Level
a - Magic Dart            Conj           100%       1d8       1%          1
b - Searing Ray           Conj           70%        2d7       1%          2
c - Iskenderun's Mystic   Conj/Tloc      33%        2d8       7%          4

Your spell library contained the following spells:

 Spells                   Type           Power      Damage    Failure   Level
 Dazzling Flash           Conj/Hex       40%        N/A       7%          3
 Vhi's Electric Charge    Tloc/Air       36%        N/A       9%          3
 Passage of Golubria      Tloc           30%        N/A       9%          4
 Kindle Blastsparks       Fire/Tloc/Air  28%        2d12      14%         3
 Ensorcelled Hibernation  Hex/Ice        10%        N/A       16%         2
 Passwall                 Tmut/Erth      4%         N/A       16%         2
 Sublimation of Blood     Necr           5%         N/A       16%         2
 Wereblood                Tmut           5%         N/A       16%         2
 Fulminant Prism          Conj/Hex       10%        3d8       24%         4
 Ignite Poison            Fire/Tmut/Pois 5%         N/A       30%         3
 Swiftness                Air            5%         N/A       30%         3
 Arcjolt                  Conj/Air       10%        1d20      54%         5
 Freezing Cloud           Conj/Ice/Air   7%         6-21      71%         5
 Silence                  Hex/Air        2%         N/A       96%         5
 Conjure Ball Lightning   Conj/Air       10%        3x3d6     98%         6
 Summon Hydra             Summ           2%         N/A       100%        7
 Discord                  Hex            2%         N/A       100%        8
 Disjunction              Tloc           15%        N/A       100%        8
 Lehudib's Crystal Spear  Conj/Erth      10%        10d4      100%        8
 Maxwell's Capacitive Co  Air            2%         ∞         100%        8


Dungeon Overview and Level Annotations

Branches:
Dungeon (7/15)
 Temple: D:4-7

Altars:
Hepliaklqana
Makhleb
Qazlal
Sif Muna

Shops:
D:5 (

Annotations:
D:7 Duvessa


Innate Abilities, Weirdness & Mutations

You are too large for most types of armour.
You have tough skin. (AC +1)


Message History

Dowan points at Duvessa and mumbles some strange words.
Duvessa seems to speed up.
Casting: Iskenderun's Mystic Blast (dangerous; 8% risk of failure)
Confirm with . or Enter, or press ? or * to list all spells.
You erupt in a blast of force!
The mystic blast hits Dowan!
Dowan is almost dead.
Dowan is knocked back by the mystic blast.
The mystic blast hits Duvessa but does no damage.
Duvessa is moderately wounded.
Duvessa barely misses you.
You hit Duvessa.
Duvessa is poisoned.
Duvessa is moderately wounded.
You feel less invigorated.
You are no longer locked in place.
Duvessa barely misses you. Duvessa closely misses you.
Casting: Iskenderun's Mystic Blast (dangerous; 8% risk of failure)
Confirm with . or Enter, or press ? or * to list all spells.
You erupt in a blast of force!
The mystic blast hits Dowan!
You kill Dowan!
Sif Muna accepts your kill.
Duvessa screams, "No!
How DARE you!"
Duvessa goes berserk!
The mystic blast hits Duvessa.
Duvessa is heavily wounded.
Duvessa hits you but does no damage.
Casting: Iskenderun's Mystic Blast (dangerous; 7% risk of failure)
Confirm with . or Enter, or press ? or * to list all spells.
You erupt in a blast of force!
The mystic blast hits Duvessa.
Duvessa is heavily wounded.
Duvessa is knocked back by the mystic blast.
Magic courses through your body. Duvessa hits you with a +0 rapier!
* * * LOW HITPOINT WARNING * * *
Duvessa hits you with a +0 rapier!
* * * LOW HITPOINT WARNING * * *
Casting: Iskenderun's Mystic Blast (dangerous; 7% risk of failure)
Confirm with . or Enter, or press ? or * to list all spells.
You erupt in a blast of force!
The mystic blast hits Duvessa but does no damage.
Duvessa is heavily wounded.
Duvessa hits you with a +0 rapier!
You die...

#.#.#.#.# #.#.#.#.#
#.#.#.#.#[#.#
#.#.....#.... .
#.#.#...#...#..
#.#.#.......#.
#.#.#..>.....
#.#.#...#.#.#
#.#@#...#.#.#
#.#e#.......#
#.#)#.......#..##
#†#.'.............
##.###........#.##.
#.............# ..
#########.....# .e
###...# ....#


You could see Duvessa (berserk, fast, very poisoned).

Vanquished Creatures
  Sigmund (D:5)
  2 water moccasins
  An ogre (D:5)
  A phantom (D:4)
  A scorpion (D:7)
  5 wights (D:5)
  Dowan (D:7)
  A howler monkey (D:4)
  2 orc priests (D:6)
  2 hounds
  Jessica (D:2)
  An orc wizard (D:5)
  Robin (D:2)
  12 adders
  4 gnolls (D:5)
  2 shadow imps
  An ufetubus (D:5)
  2 adder skeletons (D:2)
  4 dart slugs
  15 orcs
  4 ball pythons
  4 bats
  6 endoplasms
  3 giant cockroaches
  19 goblins
  9 hobgoblins
  4 jackals (D:1)
  10 kobolds
  5 quokkas
  4 frilled lizards
  7 rats
135 creatures vanquished.

Vanquished Creatures (others)
  13 plants (D:1)
  2 withered plants (D:2)
15 creatures vanquished.

Grand Total: 150 creatures vanquished

Notes
Turn   | Place    | Note
-------+----------+-------------------------------------------
     0 | D:1      | KennySheep the Ogre Conjurer began the quest for the Orb.
     0 | D:1      | Reached XP level 1. HP: 16/16 MP: 3/3
   145 | D:1      | Reached XP level 2. HP: 24/24 MP: 2/5
   367 | D:1      | Reached skill level 1 in Translocations
   624 | D:1      | Reached XP level 3. HP: 31/31 MP: 1/7
   716 | D:1      | Reached skill level 4 in Conjurations
  1396 | D:2      | Reached XP level 4. HP: 39/39 MP: 3/8
  1670 | D:2      | Noticed Robin
  1855 | D:2      | Killed Robin
  1875 | D:1      | Learned a level 2 spell: Searing Ray
  1880 | D:1      | Learned a level 4 spell: Iskenderun's Mystic Blast
  2250 | D:2      | Noticed Jessica
  2253 | D:2      | Killed Jessica
  2254 | D:2      | Reached XP level 5. HP: 38/45 MP: 5/10
  2683 | D:3      | Identified the +1 leather armour of Ashenzari's Regard
                  | {rPois rC+ Str+2}
  3018 | D:3      | Found a stormy altar of Qazlal.
  3597 | D:4      | Noticed a phantom
  3598 | D:4      | Found a shimmering blue altar of Sif Muna.
  3603 | D:4      | Killed a phantom
  3604 | D:4      | Reached skill level 5 in Conjurations
  3604 | D:4      | Reached XP level 6. HP: 53/53 MP: 3/11
  3678 | D:4      | Became a worshipper of Sif Muna the Loreminder
  3953 | D:4      | Found a hazy altar of Hepliaklqana.
  4543 | D:5      | Entered Level 5 of the Dungeon
  4731 | D:5      | Reached XP level 7. HP: 36/59 MP: 3/13
  5058 | D:5      | Noticed Sigmund
  5159 | D:5      | Killed Sigmund
  5160 | D:5      | Reached skill level 6 in Conjurations
  5355 | D:5      | Reached skill level 5 in Translocations
  5355 | D:5      | Reached XP level 8. HP: 8/67 MP: 8/15
  5653 | D:5      | Reached skill level 5 in Spellcasting
  5725 | D:5      | Reached * piety under Sif Muna
  5937 | D:5      | Found Jour's Antique Weapon Shoppe.
  6038 | D:5      | Found a burning altar of Makhleb.
  7002 | D:7      | Noticed Dowan
  7103 | D:7      | Noticed Duvessa
  7125 | D:7      | Reached skill level 7 in Conjurations
  7153 | D:7      | Killed Dowan
  7156 | D:7      | Mangled by Duvessa

Illustrated notes

Levels and vault maps discovered:
D:1:      saegor_arrival_simple_b, layout_rooms, serial_bayou,
          serial_bayou_pond_c, serial_bayou_ford_a, serial_bayou_crossing,
          serial_bayou_lagoon_b, serial_bayou_pond_e, serial_bayou_pond_e,
          chequers_serial_rivers_small_a
D:2:      layout_rooms, serial_undead, serial_undead_c, serial_undead_c,
          serial_undead_d, serial_undead_d, serial_undead_b, serial_undead_e,
          st_stairs_12, uniq_jessica, uniq_robin
D:3:      layout_loops_ring, lemuel_doored_altar
D:4:      layout_basic, amcnicky_altar_gilded, overflow_temple_1_default,
          supply_closet_lemuel
D:5:      layout_basic, kennysheep_mini, serial_shops,
          nicolae_shop_behind_doors, uniq_sigmund
D:6:      layout_rooms, minmay_temple_entry_statues_pillars
D:7:      minmay_opposing_rooms, layout_basic, nicolae_gozag_zags_fifth_avenue,
          dk_rats_in_the_wall, uniq_duvessa

Skill      XL: |  1  2  3  4  5  6  7  8 |
---------------+-------------------------+-----
Translocations | 1 2 3 5 |  5.9
Conjurations   | 4 5 6 7 |  7.1
Spellcasting   | 3 4 5 |  5.5
Dodging        | |  1.7
Stealth        | |  1.4

Action                     |  1- 3 |  4- 6 |  7- 9 || total
---------------------------+-------+-------+-------++-------
  Melee: Dagger            |     1 |     7 |     2 ||    10
   Cast: Magic Dart        |    70 |   154 |    60 ||   284
         Searing Ray       |       |     5 |    20 ||    25
         Iskenderun's Myst |       |       |    10 ||    10
 Invoke: Channel Magic     |       |       |     1 ||     1
  Evoke: Wand              |       |       |     2 ||     2
    Use: Potion            |       |     5 |     2 ||     7
         Scroll            |       |     5 |     4 ||     9
 Armour: Robe              |     2 |     6 |     6 ||    14
  Dodge: Dodged            |     5 |    15 |    29 ||    49

Table legend: (Time is in decaauts)
 A = Elapsed time spent in this place.
 B = Non-inter-level travel time spent in this place.
 C = Inter-level travel time spent in this place.
 D = Time resting spent in this place.
 E = Time spent auto-exploring this place.
 F = Levels seen in this place.
 G = Mean time per level.
                   A        B        C        D        E       F      G
               +--------+--------+--------+--------+--------+-----+--------+
         Total |   7143 |   6884 |    259 |    908 |   5003 |   7 | 1020.4 |
       Dungeon |   7143 |   6884 |    259 |    908 |   5003 |   7 | 1020.4 |
               +--------+--------+--------+--------+--------+-----+--------+

Top non-repeatable levels by time:
     D:5: 1967 daAuts
     D:1: 1544 daAuts
     D:2: 1134 daAuts
     D:4: 943 daAuts
     D:3: 907 daAuts
     D:6: 487 daAuts
     D:7: 158 daAuts
